 Dungeon Crawl Stone Soup version 0.27.1-2-g3b301248ec (webtiles) character file.

Game seed: 8251145988568885668

249 barney the Changer (level 5, 0/36 (40) HPs)
             Began as a Draconian Transmuter on Oct 4, 2021.
             Slain by a necrophage (3 damage)
             ... on level 4 of the Dungeon.
             The game lasted 00:05:02 (6012 turns).

barney the Changer (Draconian Transmuter)           Turns: 6012, Time: 00:05:03

HP:   0/36 (40)     AC:  5    Str: 12    XL:     5   Next: 87%
MP:   8/8           EV: 12    Int: 15    God:
Gold: 130           SH:  0    Dex: 11    Spells: 2/8 levels left

rFire    . . .     SeeInvis .   k - +0 dagger (venom)
rCold    . . .     Faith    .   (no shield)
rNeg     . . .     Spirit   .   (armour unavailable)
rPois    .         Reflect  .   (helmet currently unavailable)
rElec    .         Harm     .   (no cloak)
rCorr    .         Rampage  .   (no gloves)
Will     .....                  (boots currently unavailable)
Stlth    +.........             (no amulet)
HPRegen  0.12/turn              e - ring of flight
MPRegen  0.11/turn              (no ring)

@: appendages, flying, heavily drained
A: talons 2, AC +5, unfitting armour, cold-blooded, horns 1
a: End Transformation


You were on level 4 of the Dungeon.
You had temporarily grown beastly talons.
You visited 1 branch of the dungeon, and saw 4 of its levels.

You collected 130 gold pieces.

Inventory:

Hand Weapons
 j - a +0 dagger of electrocution
 k - a +0 dagger of venom (weapon)
Jewellery
 e - a ring of flight (left hand)
Scrolls
 a - 6 scrolls of identify {unknown}
 c - a scroll of teleportation {unknown}
 f - a scroll of enchant armour {unknown}
 g - a scroll of immolation {unknown}
 h - a scroll of noise {unknown}
Potions
 b - 2 potions of ambrosia
 d - a potion of lignification
 i - a potion of curing
 l - a potion of might


   Skills:
 - Level 1.1 Fighting
 - Level 1.7 Dodging
 - Level 3.0 Unarmed Combat
 - Level 2.0 Spellcasting
 + Level 6.2 Transmutations


You had 2 spell levels left.
You knew the following spells:

 Your Spells              Type           Power      Damage    Failure   Level
a - Beastly Appendage     Tmut           40%        N/A       1%          1
b - Spider Form           Tmut/Pois      5%         N/A       19%         3
c - Wereblood             Tmut           20%        N/A       2%          2

Your spell library contained the following spells:

 Spells                   Type           Power      Damage    Failure   Level
 Ice Form                 Ice/Tmut       10%        N/A       52%         4


Dungeon Overview and Level Annotations

Branches:
Dungeon (4/15)
 Temple: D:4-7

Altars:
Gozag

Shops:
D:1 *


Innate Abilities, Weirdness & Mutations

You have temporarily grown beastly talons.
Your plain brown scales are hard. (AC +5)
You cannot fit into any form of body armour.
You are cold-blooded and may be slowed by cold attacks.
You have a pair of small horns on your head.


Message History

Your headbutt misses the necrophage.
The necrophage is heavily damaged.
The necrophage hits you.
You barely miss the necrophage. You claw the necrophage.
The necrophage is heavily damaged.
The necrophage hits you.
You hit the necrophage.
The necrophage is heavily damaged.
The necrophage hits you but does no damage.
You hit the necrophage but do no damage.
Your kick misses the necrophage. You headbutt the necrophage.
The necrophage is severely damaged.
The necrophage misses you.
You hit the necrophage but do no damage.
You claw the necrophage. You headbutt the necrophage.
The necrophage is severely damaged.
The necrophage hits you but does no damage.
You barely miss the necrophage.
The necrophage is severely damaged.
The necrophage hits you.
* * * LOW HITPOINT WARNING * * *
You feel drained.
* * * LOW HITPOINT WARNING * * *
You barely miss the necrophage.
The necrophage is severely damaged.
The necrophage hits you.
* * * LOW HITPOINT WARNING * * *
You closely miss the necrophage.
The necrophage is severely damaged.
The necrophage hits you.
* * * LOW HITPOINT WARNING * * *
You closely miss the necrophage.
The necrophage is severely damaged.
The necrophage hits you.
* * * LOW HITPOINT WARNING * * *
You barely miss the necrophage. Your kick misses the necrophage.
Your tail-slap misses the necrophage.
The necrophage is severely damaged.
The necrophage hits you.
You die...

#### ######...
##.......# ..
#........###..#
##..............
...........#$..
#............
##.(.n@..#.#
........<...#
#...............
##..........##..
..........###
..........#
#(.#......#
##.........
.........


You could see a necrophage.

Vanquished Creatures
  Natasha (thrice) (D:3)
  An orc wizard (D:3)
  Robin (D:2)
  6 adders
  2 worms (D:3)
  7 orcs
  7 ball pythons
  7 endoplasms
  3 giant cockroaches
  9 goblins
  7 hobgoblins
  4 jackals (D:3)
  3 quokkas
  7 bats
  3 frilled lizards
  4 kobolds
  3 rats
77 creatures vanquished.

Notes
Turn   | Place    | Note
-------+----------+-------------------------------------------
     0 | D:1      | barney the Draconian Transmuter began the quest for the
                  | Orb.
     0 | D:1      | Reached XP level 1. HP: 16/16 MP: 3/3
   158 | D:1      | Reached XP level 2. HP: 19/23 MP: 3/5
   576 | D:1      | Found Orunuem's General Store.
   684 | D:1      | Found a faded altar of an unknown god.
   687 | D:1      | Reached skill level 3 in Transmutations
  1239 | D:2      | Noticed Robin
  1241 | D:2      | Gained mutation: You have a pair of large horns on your
                  | head. [potion of mutation]
  1252 | D:2      | Reached XP level 3. HP: 16/28 MP: 6/6
  1263 | D:2      | Killed Robin
  1267 | D:2      | Reached skill level 4 in Transmutations
  1596 | D:2      | Reached XP level 4. HP: 35/35 MP: 7/7
  2427 | D:2      | Found an opulent altar of Gozag.
  3813 | D:3      | Reached skill level 5 in Transmutations
  4476 | D:3      | Learned a level 3 spell: Spider Form
  4479 | D:3      | Learned a level 2 spell: Wereblood
  4601 | D:3      | Reached XP level 5. HP: 18/40 MP: 1/8
  5005 | D:3      | Noticed Natasha
  5012 | D:3      | Killed Natasha
  5180 | D:3      | Noticed Natasha
  5192 | D:3      | Killed Natasha
  5193 | D:3      | Reached skill level 6 in Transmutations
  5770 | D:3      | Noticed Natasha
  5785 | D:3      | Killed Natasha
  5986 | D:4      | Noticed a necrophage
  6012 | D:4      | Slain by a necrophage

Illustrated notes

Levels and vault maps discovered:
D:1:      ncdulo_halloftheorcs, layout_loops_ring,
          chequers_ecumenical_altar_island, serial_shops, nicolae_shop_trees
D:2:      layout_basic, basic_altar, uniq_robin
D:3:      layout_basic, serial_park_tiny_pond, uniq_natasha
D:4:      layout_rooms

Skill      XL: |  1  2  3  4  5 |
---------------+----------------+-----
Transmutations | 3 4 5 6 |  6.2
Fighting       | |  1.1
Dodging        | |  1.7
Unarmed Combat | |  3.0
Spellcasting   | |  2.0

Action                   |  1- 3 |  4- 6 || total
-------------------------+-------+-------++-------
Melee: Unarmed           |   101 |    96 ||   197
       Tailslap          |     9 |     8 ||    17
       Kick              |     9 |    23 ||    32
       Headbutt          |     8 |    13 ||    21
       Dagger            |       |    65 ||    65
       Punch             |       |     3 ||     3
 Cast: Beastly Appendage |    21 |    17 ||    38
       Spider Form       |       |     5 ||     5
  Use: Potion            |     2 |     3 ||     5
Armor: Skin              |    42 |    65 ||   107
Dodge: Dodged            |    71 |   118 ||   189
